 Dungeon Crawl Stone Soup version 0.29.0-15-g675c0067aa (webtiles) character file.

Game seed: 2165606794584074862

94 qw the Chopper (level 4, -2/28 HPs)
             Began as a Gargoyle Fighter on Sept 12, 2022.
             Killed from afar by an orc wizard (11 damage)
             ... with a magic dart
             ... on level 3 of the Dungeon.
             The game lasted 00:00:40 (2366 turns).

qw the Chopper (Gargoyle Fighter)                   Turns: 2366, Time: 00:00:40

Health: -2/28      AC: 12    Str: 27    XL:     4   Next: 63%
Magic:  4/4        EV:  9    Int:  9    God:
Gold:   80         SH:  6    Dex:  9    Spells: 3/3 levels left

rFire   . . .      SeeInvis .   Y - +0 war axe
rCold   . . .      Faith    .   p - +2 buckler
rNeg    + . .      Spirit   .   b - +0 scale mail
rPois   inf        Reflect  .   (no helmet)
rElec   +          Harm     .   (no cloak)
rCorr   .          Rampage  .   (no gloves)
Will    .....                   k - +0 pair of boots
Stlth   ..........              (no amulet)
HPRegen 0.09/turn               f - +6 ring of strength
MPRegen 0.09/turn               (no ring)

@: no status effects
A: sickness immunity, AC +3, negative energy resistance 1, electricity
resistance, torment resistance 1, petrification resistance, shaggy fur 1
a: no special abilities


You were on level 3 of the Dungeon.
You visited 1 branch of the dungeon, and saw 3 of its levels.

You collected 80 gold pieces.


Innate Abilities, Weirdness & Mutations

You are immune to sickness and miasma.
Your stone body is resilient. (AC +3)
You are immune to poison.
You resist negative energy. (rN+)
You are resistant to electric shocks. (rElec)
You are resistant to unholy torment.
You are immune to petrification.
You are covered in fur. (AC +1)


   Skills:
 - Level 3.2 Fighting
 + Level 4.3 Axes
 - Level 3.2 Armour
 - Level 3.2 Shields


You had 3 spell levels left.
You didn't know any spells.
Your spell library was empty.

Inventory:

Hand Weapons
 m - a +0 whip
 Y - a +0 war axe (weapon)
Armour
 b - a +0 scale mail (worn)
 k - a +0 pair of boots (worn)
 p - a +2 buckler (worn)
Jewellery
 f - a +6 ring of strength (left hand)
Scrolls
 e - a scroll of fog
 g - a scroll of identify
Potions
 a - a potion of berserk rage {unknown}
 c - a potion of cancellation
 d - 2 potions of might
 h - a potion of heal wounds
 i - a potion of attraction {unknown}
 j - 2 potions of curing
 l - a potion of degeneration {unknown}
 o - a potion of resistance {unknown}

Dungeon Overview and Level Annotations

Branches:
Dungeon (3/15)

Altars:


Message History

You barely miss something. Something hits you but does no damage.
You hit something but do no damage. Something hits you.
Something hits you but does no damage.
You hit something. Something hits you but does no damage.
You miss something. Something hits you but does no damage.
You closely miss something. Something hits you but does no damage.
You hear some strange, mumbled words.
A magic dart appears from out of thin air!
The magic dart hits you but does no damage.
You closely miss something.
You hear some strange, mumbled words.
A magic dart appears from out of thin air!
The magic dart hits you.
You closely miss something. Something hits you.
You closely miss something.
Something hits you but does no damage. x2
You closely miss something. Something hits you.
You barely miss something.
You hear some strange, mumbled words.
You are confused.
2363 ||| DRINKING 3 potions of curing.
You feel better.
2363 ||| (to cure confusion)
Something hits you.
You miss something.
You hear some strange, mumbled words.
Something tries to affect you, but you resist.
Something hits you but does no damage.
You closely miss something. Something hits you.
You miss something.
You hear some strange, mumbled words.
A magic dart appears from out of thin air!
The magic dart hits you!
You die...

....>...######
....
........#..<..
....
........#.#..#
.....
........#.....
.....
........%....#
......
........######
......###
..........#..
......){#
........#.#.# #@#
........#.#.# #.#
#####+###.#.# #.#
#.# #.#.#
#.#######.###.#.#
#.............#.#
#########.......#
#########


There were no monsters in sight!

Vanquished Creatures
  Jessica (D:2)
  2 adders
  5 dart slugs
  4 orcs (D:3)
  A giant cockroach (D:1)
  4 goblins
  2 hobgoblins (D:1)
  5 quokkas (D:1)
  3 ball pythons (D:1)
  4 bats
  3 kobolds
  3 rats (D:1)
37 creatures vanquished.

Notes
Turn   | Place    | Note
-------+----------+-------------------------------------------
     0 | D:1      | qw the Gargoyle Fighter began the quest for the Orb.
     0 | D:1      | Reached XP level 1. HP: 14/14 MP: 1/1
     0 | D:1      | 0 ||| qw: Version: 0.1-a-119-g272c26d
     0 | D:1      | 0 ||| qw: Game counter: 10850
     0 | D:1      | 0 ||| qw: Always use a shield: true
     0 | D:1      | 0 ||| qw: God list: Okawaru
     0 | D:1      | 0 ||| qw: Allow faded altars: false
     0 | D:1      | 0 ||| qw: Do Orc after D:15 true
     0 | D:1      | 0 ||| qw: Do second Lair branch before Depths: true
     0 | D:1      | 0 ||| qw: Lair rune preference: random
     0 | D:1      | 0 ||| qw: Plans: Normal, Zot, God:TSO, Crypt, Tomb, Pan,
                  | Slime, Hells, Zig, Abyss, Orb
     0 | D:1      | 0 ||| PLANNING D:1-11
    73 | D:1      | HP: 2/14 [quokka (2)]
   369 | D:1      | 369 ||| Stepping ~*~*~tactically~*~*~ (hiding).
   374 | D:1      | Reached skill level 2 in Axes
   374 | D:1      | 374 ||| Stepping ~*~*~tactically~*~*~ (stealth).
   382 | D:1      | 382 ||| Stepping ~*~*~tactically~*~*~ (stealth).
   383 | D:1      | 383 ||| Stepping ~*~*~tactically~*~*~ (stealth).
   384 | D:1      | 384 ||| Stepping ~*~*~tactically~*~*~ (stealth).
   385 | D:1      | 385 ||| Stepping ~*~*~tactically~*~*~ (stealth).
   389 | D:1      | Reached XP level 2. HP: 19/19 MP: 2/2
   673 | D:1      | 673 ||| Stepping ~*~*~tactically~*~*~ (hiding).
   692 | D:1      | 692 ||| Stepping ~*~*~tactically~*~*~ (hiding).
   694 | D:1      | 694 ||| Stepping ~*~*~tactically~*~*~ (hiding).
   702 | D:1      | Reached skill level 3 in Axes
   802 | D:1      | Reached XP level 3. HP: 23/23 MP: 3/3
   936 | D:1      | 936 ||| Stepping ~*~*~tactically~*~*~ (stealth).
   946 | D:1      | 946 ||| Stepping ~*~*~tactically~*~*~ (hiding).
   947 | D:1      | 947 ||| Stepping ~*~*~tactically~*~*~ (hiding).
   949 | D:1      | 949 ||| Stepping ~*~*~tactically~*~*~ (hiding).
  1388 | D:1      | 1388 ||| UPGRADING to +2 buckler.
  1398 | D:1      | 1398 ||| DROPPING +0 buckler.
  1399 | D:1      | 1399 ||| UPGRADING to +6 ring of strength.
  1400 | D:1      | 1400 ||| READING 2 scrolls labelled MANEREYLID.
  1401 | D:1      | 1401 ||| READING 3 scrolls labelled MIPRUN JYWO.
  1402 | D:1      | 1402 ||| READING scroll labelled YSOFFI GEOHIC.
  1403 | D:1      | 1403 ||| READING scroll labelled NOCYIB RIPA.
  1404 | D:1      | 1404 ||| READING scroll labelled DINAGA DUIWK.
  1405 | D:1      | 1405 ||| DRINKING 2 viscous dark potions.
  1406 | D:1      | 1406 ||| DRINKING 2 bubbling sapphire potions.
  1406 | D:1      | Gained mutation: You are dopey. (Int -2) [potion of
                  | mutation]
  1406 | D:1      | Gained mutation: Your large and strong wings let you fly.
                  | [potion of mutation]
  1406 | D:1      | Gained mutation: You have hidden genetic defects. [potion
                  | of mutation]
  1407 | D:1      | 1407 ||| READING 2 scrolls of identify.
  1407 | D:1      | 1407 ||| IDENTIFYING bubbling blue potion
  1408 | D:1      | 1408 ||| DROPPING scroll of immolation.
  1559 | D:2      | Gained mutation: You occasionally lose the ability to drink
                  | potions when taking damage. [hidden defects]
  1560 | D:2      | 1560 ||| DRINKING potion of mutation.
  1560 | D:2      | Lost mutation: You are dopey. (Int -2) [potion of mutation]
  1560 | D:2      | Lost mutation: Your large and strong wings let you fly.
                  | [potion of mutation]
  1560 | D:2      | Lost mutation: You have hidden genetic defects. [potion of
                  | mutation]
  1560 | D:2      | Lost mutation: You occasionally lose the ability to drink
                  | potions when taking damage. [potion of mutation]
  1560 | D:2      | Gained mutation: You are covered in fur. (AC +1) [potion of
                  | mutation]
  1787 | D:2      | Noticed Jessica
  1791 | D:2      | Killed Jessica
  1792 | D:2      | Reached skill level 4 in Axes
  1792 | D:2      | Reached XP level 4. HP: 27/28 MP: 4/4
  2223 | D:2      | 2223 ||| UPGRADING to +0 pair of boots.
  2228 | D:2      | 2228 ||| READING 2 scrolls labelled JUEHUX AR HAENKY.
  2229 | D:2      | 2229 ||| DRINKING 2 glowing emerald potions.
  2333 | D:3      | 2333 ||| Stepping ~*~*~tactically~*~*~ (hiding).
  2363 | D:3      | 2363 ||| DRINKING 3 potions of curing.
  2363 | D:3      | 2363 ||| (to cure confusion)
  2366 | D:3      | Killed from afar by an orc wizard

Levels and vault maps discovered:
D:1:      minmay_arrival_diagonal_passages, layout_loops_ring,
          nicolae_kite_square_tiling_tiny, minmay_pentomino_o4
D:2:      layout_basic, uniq_jessica
D:3:      layout_basic, mainiacjoe_overflow_surrounded_room, minivault_26,
          nrook_campfire

Skill      XL: |  1  2  3 |
---------------+----------+-----
Axes           | 2 3 4 |  4.3
Fighting       | |  3.2
Armour         | |  3.2
Shields        | |  3.2

Action                   |  1- 3 |  4- 6 || total
-------------------------+-------+-------++-------
Melee: War axe           |   113 |    30 ||   143
  Use: Scroll            |     6 |     1 ||     7
       Potion            |     3 |     2 ||     5
Armor: Scale mail        |    55 |    25 ||    80
Dodge: Dodged            |    59 |     3 ||    62
Block: Buckler           |    28 |     6 ||    34

Table legend:
 A = Non-vault XP
 B = Vault XP
 C = Vault XP percentage of total XP
 D = Non-vault monster count
 E = Vault monster count
 F = Vault count percentage of total count
                 A         B        C        D         E       F
            +---------+---------+-------+---------+---------+-------
      Total |      93 |      42 |  31.1 |      33 |       4 |  10.8
            +---------+---------+-------+---------+---------+-------
        D:1 |      45 |       5 |  10.0 |      22 |       3 |  12.0
        D:2 |      23 |      37 |  61.7 |       6 |       1 |  14.3
        D:3 |      25 |       0 |   0.0 |       5 |       0 |   0.0
            +---------+---------+-------+---------+---------+-------
